 Dungeon Crawl Stone Soup version 0.24-a0-536-gdd4cf15266 (webtiles) character file.

Game seed: 16088071553101052704

4932 Conn the Sneak (level 10, -4/96 HPs)
             Began as an Octopode Fire Elementalist on Aug 11, 2019.
             Was a Priest of Sif Muna.
             Slain by a hippogriff (6 damage)
             ... on level 9 of the Dungeon.
             The game lasted 00:37:36 (9774 turns).

Conn the Sneak (Octopode Fire Elementalist)         Turns: 9774, Time: 00:37:38

Health: -4/96      AC:  1    Str: 11 (13) XL:     10   Next: 52%
Magic:  0/20       EV: 15    Int: 21      God:    Sif Muna [***...]
Gold:   28         SH:  0    Dex: 10 (12) Spells: 3/22 levels left

rFire    . . .     SeeInvis +   a - +1 short sword
rCold    + . .     Gourm    .   (no shield)
rNeg     + . .     Faith    .   (helmet restricted)
rPois    .         Spirit   +   A - amulet of guardian spirit
rElec    .         Reflect  .   c - ring of protection from cold
rCorr    .         Harm     .   o - ring of positive energy
MR       .....                  p - ring of flight
Stlth    ..........             D - ring of see invisible
HPRegen  0.26/turn              (no ring)
MPRegen  0.17/turn              (no ring)
                                (no ring)
                                (no ring)

@: berserking, very slightly contaminated, studying Stealth, very quick
A: almost no armour, stealthy swim, amphibious, 8 rings, constrict 8, camouflage
1, gelatinous body 1
a: Channel Magic, Forget Spell, Renounce Religion, Evoke Flight


You were on level 9 of the Dungeon.
You worshipped Sif Muna.
Sif Muna was most pleased with you.
You were very hungry.

You visited 2 branches of the dungeon, and saw 10 of its levels.
You also visited: Ossuary.

You collected 358 gold pieces.
You spent 330 gold pieces at shops.

Inventory:

Hand Weapons
 a - a +1 short sword (weapon)
 u - a +2 flail of holy wrath
 y - a +2 flail of protection
Missiles
 f - 97 sling bullets
 n - 13 boomerangs
 v - 28 poisoned darts (quivered)
 z - 2 curare-tipped darts
Magical Staves
 L - an uncursed staff of earth
Jewellery
 c - a ring of protection from cold (left tentacle)
 o - a ring of positive energy (right tentacle)
 p - a ring of flight (on tentacle)
 A - an amulet of guardian spirit (around mantle)
 D - a ring of see invisible (on tentacle)
Wands
 k - a wand of flame (14)
 m - a wand of enslavement (3)
 t - a wand of random effects (23)
Scrolls
 d - a scroll of enchant weapon
 e - 8 scrolls of identify
 h - a scroll of magic mapping
 i - 2 scrolls of fog {unknown}
 j - 5 scrolls of fear {unknown}
 l - 4 scrolls of teleportation {unknown}
 r - 3 scrolls of amnesia {unknown}
 s - 3 scrolls of blinking {unknown}
 w - 4 scrolls of remove curse
 x - 2 scrolls of enchant armour {unknown}
 C - 2 scrolls of random uselessness {unknown}
 G - 3 scrolls of noise {unknown}
Potions
 q - 2 potions of invisibility {unknown}
 E - a potion of might
 J - 2 potions of mutation {unknown}
Books
 F - a manual of Stealth
Comestibles
 b - 9 rations


   Skills:
 + Level 4.3 Fighting
 + Level 4.5 Short Blades
 + Level 1.4 Throwing
 + Level 5.0 Dodging
 + Level 7.3 Stealth
 + Level 6.7 Spellcasting
 + Level 6.3 Conjurations
 * Level 2.0 Hexes
 * Level 7.1 Fire Magic
 + Level 2.5 Evocations


You had 3 spell levels left.
You knew the following spells:

 Your Spells              Type           Power        Failure   Level  Hunger
a - Flame Tongue          Conj/Fire      #####        1%          1    None
b - Conjure Flame         Conj/Fire      #####...     1%          3    #......
c - Sticky Flame          Conj/Fire      #####...     6%          4    ###....
d - Inner Flame           Hex/Fire       ####....     4%          3    #......
e - Fireball              Conj/Fire      #####.....   16%         5    #####..
f - Confuse               Hex            ###.....     12%         3    #......

Your spell library contained the following spells:

 Spells                   Type           Power        Failure   Level  Hunger
 Throw Flame              Conj/Fire      #####.       1%          2    None
 Corona                   Hex            ###....      3%          1    None
 Dazzling Spray           Conj/Hex       ###...       4%          3    #......
 Ensorcelled Hibernation  Hex/Ice        ##....       9%          2    None
 Tukima's Dance           Hex            ###.....     12%         3    #......
 Cause Fear               Hex            ###.......   36%         4    ###....
 Silence                  Hex/Air        ##........   86%         5    #####..
 Yara's Violent Unravell  Hex/Tmut       ##........   86%         5    #####..
 Deflect Missiles         Chrm/Air       #.........   100%        6    ######.
 Discord                  Hex            ###.......   100%        8    #######


Dungeon Overview and Level Annotations

Branches:
Dungeon (9/15)             Temple (1/1) D:4
   Lair: D:8-11         Orc: D:9-12

Altars:
Ashenzari
Cheibriados
Elyvilon
Fedhas
Gozag
Kikubaaqudgha
Makhleb
Okawaru
Ru
Sif Muna
Trog
Uskayaw
Vehumet
Wu Jian
Xom
Yredelemnul
Zin
The Shining One

Shops:
D:4 %   D:5 *


Innate Abilities, Weirdness & Mutations

You cannot wear most types of armour.
You are very stealthy in the water. (Stealth+)
You are amphibious.
You can wear up to eight rings at the same time.
You can use your tentacles to constrict eight enemies at once.
Your skin changes colour to match your surroundings (Stealth+).
Your rubbery body absorbs attacks. (AC +1, EV +1)


Message History

The arrow barely misses you.
Casting: Sticky Flame (safe; 6% risk of failure)
Confirm with . or Enter, or press ? or * to list all spells.
Aiming: Conjure Flame (safe; 1% risk of failure)
Press: ? - help, Dir - move target cursor The fire ignites!
A red film seems to cover your vision as you go berserk!
You feel yourself moving faster!
You feel mighty!
The hippogriff is engulfed in blazing flames.
The hippogriff closely misses you. The hippogriff pecks you!
* * * LOW HITPOINT WARNING * * *
The hippogriff claws you!
* * * LOW HITPOINT WARNING * * *
You hit the hippogriff.
The hippogriff is heavily wounded.
The hippogriff is engulfed in blazing flames.
The hippogriff bites you.
* * * LOW HITPOINT WARNING * * *
The hippogriff pecks you!
You die...

##.##
#$.. #..#
#..# ##.#
#..# #.#
#..# #.#
#.<# #.#
#..# #.#
#.## #.#
##.#
#@####..#
#H#....(#
#c..c.###
##...##
....##
..#####
... .. .


You could see a hippogriff and a centaur.

Vanquished Creatures
  Pikel (D:5)
  Maurice (D:8)
  Joseph (D:8)
  Sigmund (D:5)
  A wyvern (D:8)
  3 orc warriors
  2 sky beasts (D:7)
  2 ice beasts
  A phantom (D:9)
  3 black bears
  2 ogres
  A centaur (D:6)
  2 elf zombies (Ossuary)
  A crocodile (D:7)
  4 bullfrogs
  12 killer bees
  2 howler monkeys (D:6)
  A crimson imp (D:9)
  3 centaur zombies (Ossuary)
  2 bullfrog zombies
  2 hounds
  7 human zombies (Ossuary)
  5 orc priests
  A bullfrog skeleton (D:5)
  A gnoll shaman (D:7)
  2 iguanas
  Ijyb (D:3)
  2 orc wizards
  4 worker ants
  3 mummies (Ossuary)
  8 gnolls
  11 adders
  2 howler monkey skeletons
  3 shadow imps
  2 oozes
  2 worms (D:3)
  4 dart slugs
  4 leopard geckos
  9 orcs
  6 bats
  5 giant cockroaches
  8 hobgoblins
  4 jackals (D:3)
  4 kobolds
  A quokka (D:3)
  7 frilled lizards
  6 goblins
  6 rats
166 creatures vanquished.

Vanquished Creatures (others)
  A crimson imp (D:5)
  A hound (D:5)
  A worker ant (D:5)
  An orc (D:5)
  2 plants (D:9)
6 creatures vanquished.

Grand Total: 172 creatures vanquished

Notes
Turn   | Place    | Note
-------+----------+-------------------------------------------
     0 | D:1      | Conn the Octopode Fire Elementalist began the quest for the
                  | Orb.
     0 | D:1      | Reached XP level 1. HP: 11/11 MP: 3/3
   156 | D:1      | Reached XP level 2. HP: 17/17 MP: 3/5
   779 | D:1      | Reached XP level 3. HP: 21/21 MP: 2/6
   894 | D:1      | Learned a level 3 spell: Conjure Flame
  2170 | D:3      | Reached XP level 4. HP: 27/27 MP: 0/7
  2761 | D:3      | Noticed Ijyb
  2770 | D:3      | Killed Ijyb
  2770 | D:3      | Reached XP level 5. HP: 24/32 MP: 5/9
  3456 | D:4      | Found a staircase to the Ecumenical Temple.
  3491 | Temple   | Entered the Ecumenical Temple
  3636 | Temple   | Became a worshipper of Sif Muna the Loreminder
  3683 | D:4      | Found Acedievvau's Food Shop.
  3723 | D:4      | Reached skill level 1 in Short Blades
  3759 | D:5      | Entered Level 5 of the Dungeon
  3901 | D:4      | Reached XP level 6. HP: 30/37 MP: 7/10
  4125 | D:4      | You fall into a shaft and drop 1 floor!
  4127 | D:5      | Noticed a slave
  4127 | D:5      | Noticed a slave
  4132 | D:5      | Noticed Pikel
  4132 | D:5      | Noticed a slave
  4135 | D:5      | Noticed a slave
  4168 | D:5      | Found a hide-covered altar of Uskayaw.
  4191 | D:5      | Reached skill level 1 in Fighting
  4506 | D:5      | Learned a level 4 spell: Sticky Flame
  4510 | D:5      | Learned a level 3 spell: Inner Flame
  4512 | D:5      | Noticed Sigmund
  4534 | D:5      | Killed Sigmund
  4534 | D:5      | Reached skill level 5 in Stealth
  4534 | D:5      | Reached XP level 7. HP: 43/43 MP: 0/12
  4814 | D:5      | Killed Pikel
  4814 | D:5      | Reached skill level 5 in Fire Magic
  4814 | D:5      | Reached skill level 1 in Evocations
  4814 | D:5      | Reached XP level 8. HP: 14/51 MP: 0/14
  5041 | D:5      | Found Poof's Assorted Antiques.
  5908 | D:6      | Reached XP level 9. HP: 56/56 MP: 8/15
  5915 | D:6      | Learned a level 5 spell: Fireball
  6101 | D:6      | Reached * piety under Sif Muna
  6388 | D:7      | Reached skill level 1 in Hexes
  6494 | D:7      | Reached skill level 5 in Spellcasting
  6853 | D:7      | Reached skill level 5 in Conjurations
  7484 | D:8      | Found a sand-covered staircase.
  7535 | Ossuary  | Entered an ossuary
  7667 | Ossuary  | Reached ** piety under Sif Muna
  7987 | Ossuary  | Reached XP level 10. HP: 20/63 MP: 0/19
  8315 | D:8      | Noticed Maurice
  8380 | D:8      | Killed Maurice
  8380 | D:8      | Reached skill level 1 in Throwing
  8967 | D:8      | Noticed Joseph
  8986 | D:8      | Killed Joseph
  9610 | D:5      | Bought a paperback book for 330 gold pieces
  9615 | D:5      | Learned a level 3 spell: Confuse
  9723 | D:9      | Reached skill level 5 in Dodging
  9751 | D:9      | Reached *** piety under Sif Muna
  9773 | D:9      | HP: 4/96 [hippogriff (7)]
  9774 | D:9      | Slain by a hippogriff

Levels and vault maps discovered:
D:1:      dpeg_arrival_short_road, layout_basic, minmay_misc_feat_four_crosses
D:2:      layout_loops_cross, serial_co_window_serial,
          co_window_of_opportunity_a, co_window_corner_a, co_window_paths_a,
          co_window_cross_1, co_window_paths_b, co_window_paths_b,
          co_window_broadway_c, co_window_broadway_b, co_window_broadway_c,
          co_window_2corner, co_window_cross_3, co_window_unsneaky_path_a,
          glass_columns_a, glass_columns_b, glass_columns_a, glass_columns_a,
          glass_columns_c
D:3:      layout_loops_ring, uniq_ijyb
D:4:      layout_rooms, temple_fountains, serial_shops, shop
D:5:      layout_rooms, nicolae_overflow_hidden_temple, serial_shops,
          nicolae_shop_overgrown_old_shop, first_ration, uniq_pikel,
          uniq_sigmund
D:6:      layout_gridville, corexii_hall_statues_s, chequers_mini_garden,
          minmay_manual_mandibuliform
D:7:      layout_loops_corners
D:8:      layout_loops_ring, nicolae_ossuary_entry_ruins, uniq_maurice,
          uniq_joseph
D:9:      layout_rooms, minmay_lair_entry_grove, uniq_erolcha
Temple:   roderic_octagonal_lattice_temple

Skill      XL: |  1  2  3  4  5  6  7  8  9 10 |
---------------+-------------------------------+-----
Stealth        | 3 4 5 6 7 |  7.3
Fire Magic     | 4 5 6 7 |  7.1
Short Blades   | 1 2 3 4 |  4.5
Spellcasting   | 3 4 6 |  6.7
Conjurations   | 2 3 4 5 6 |  6.3
Fighting       | 1 2 3 4 |  4.3
Dodging        | 3 4 5 |  5.0
Evocations     | 1 2 |  2.5
Hexes          | 1 2 |  2.0
Throwing       | 1 |  1.4

Action                   |  1- 3 |  4- 6 |  7- 9 | 10-12 || total
-------------------------+-------+-------+-------+-------++-------
Melee: Unarmed           |     4 |       |       |       ||     4
       Tentacles         |     2 |     6 |    10 |     3 ||    21
       Short sword       |    15 |    84 |    65 |    17 ||   181
       Constrict         |     4 |    15 |    14 |     3 ||    36
Throw: Dart              |       |     1 |     2 |     7 ||    10
 Cast: Flame Tongue      |    47 |    62 |   113 |    39 ||   261
       Conjure Flame     |       |     3 |     8 |     7 ||    18
       Sticky Flame      |       |       |    18 |     9 ||    27
       Inner Flame       |       |       |     6 |     4 ||    10
Evoke: Wand              |       |     4 |     5 |     8 ||    17
  Use: Scroll            |     3 |     1 |       |       ||     4
       Potion            |       |     4 |       |    11 ||    15
 Stab: Sleeping          |     3 |    10 |     5 |     4 ||    22
  Eat: Chunk             |     3 |     8 |    13 |     4 ||    28
       Ration            |       |       |       |     1 ||     1
Armor: Skin              |     6 |    13 |     2 |     2 ||    23
Dodge: Dodged            |    42 |    68 |    82 |    39 ||   231

Table legend:
 A = Non-vault XP
 B = Vault XP
 C = Vault XP percentage of total XP
 D = Non-vault monster count
 E = Vault monster count
 F = Vault count percentage of total count
                 A         B        C        D         E       F
            +---------+---------+-------+---------+---------+-------
      Total |    4221 |    2826 |  40.1 |     141 |      25 |  15.1
            +---------+---------+-------+---------+---------+-------
        D:1 |      52 |       0 |   0.0 |      25 |       0 |   0.0
        D:2 |      19 |       0 |   0.0 |       4 |       0 |   0.0
        D:3 |     105 |      36 |  25.5 |      26 |       1 |   3.7
        D:4 |     105 |       0 |   0.0 |      10 |       0 |   0.0
        D:5 |     369 |     853 |  69.8 |      15 |       2 |  11.8
        D:6 |    1074 |     317 |  22.8 |      20 |       5 |  20.0
        D:7 |    1070 |       0 |   0.0 |      20 |       0 |   0.0
        D:8 |    1148 |     923 |  44.6 |      16 |       2 |  11.1
        D:9 |     279 |       0 |   0.0 |       5 |       0 |   0.0
    Ossuary |       0 |     697 | 100.0 |       0 |      15 | 100.0
            +---------+---------+-------+---------+---------+-------
